 Dungeon Crawl Stone Soup version 0.30-a0-883-g5ad918d77d (webtiles) character file.

Game seed: 16313490427513393411

338 Bnni the Stinger (level 6, 0/47 HPs)
             Began as a Formicid Venom Mage on Mar 17, 2023.
             Slain by Grinder (4 damage)
             ... on level 3 of the Dungeon.
             The game lasted 00:05:21 (2613 turns).

Bnni the Stinger (Formicid Venom Mage)              Turns: 2613, Time: 00:05:21

Health: 0/47       AC:  2    Str: 19    XL:     6   Next: 86%
Magic:  10/10      EV: 12    Int: 16    God:
Gold:   168        SH:  0    Dex: 14    Spells: 4/11 levels left

rFire   . . .      SeeInvis +    t - +0 dire flail
rCold   . . .      Faith    .    (no shield)
rNeg    . . .      Spirit   .    a - +0 robe
rPois   .          Reflect  .    (helmet unavailable)
rElec   .          Rampage  .    v - scarf {shadows}
rCorr   +                        (no gloves)
Will    .....                    (no boots)
Stlth   ++                       (no amulet)
HPRegen 0.27/turn                l - +6 ring of strength
MPRegen 0.12/turn                p - ring of resist corrosion

@: no status effects
A: permanent stasis, dig shafts and tunnels, antennae 3, four strong arms
a: Dig, Shaft Self


You were on level 3 of the Dungeon.
You visited 1 branch of the dungeon, and saw 3 of its levels.

You collected 168 gold pieces.

Inventory:

Hand Weapons
 e - a +1 whip of venom
 o - a +4 flail of draining
 t - a +0 dire flail (weapon)
Armour
 a - a +0 robe (worn)
 v - a scarf of shadows (worn)
 y - a +0 kite shield
Jewellery
 l - a +6 ring of strength (left hand)
 p - a ring of resist corrosion (right hand)
Wands
 w - a wand of roots (10)
 x - a wand of flame (22)
Scrolls
 f - 3 scrolls of identify {unknown}
 g - a scroll of vulnerability {unknown}
 j - a scroll of amnesia {unknown}
 k - a scroll of poison {unknown}
 m - a scroll of torment {unknown}
 n - a scroll of immolation {unknown}
 q - a scroll of brand weapon {unknown}
 s - a scroll of enchant weapon {unknown}
 u - a scroll of blinking {unknown}
Potions
 b - 2 potions of magic
 c - a potion of curing
 d - 2 potions of degeneration {unknown}
 h - a potion of mutation {unknown}
 i - a potion of might {unknown}
 r - a potion of flight {unknown}


   Skills:
 + Level 3.2 Fighting
 - Level 2.0 Dodging
 - Level 2.8 Stealth
 - Level 3.0 Spellcasting
 - Level 1.5 Transmutations
 * Level 7.4 Poison Magic


You had 4 spell levels left.
You knew the following spells:

 Your Spells              Type           Power      Damage    Failure   Level
a - Sting                 Tmut/Pois      64%        1d6       3%          1
b - Poisonous Vapours     Pois/Air       28%        N/A       6%          2
d - Olgreb's Toxic Radia  Pois           26%        N/A       9%          4

Your spell library contained the following spells:

 Spells                   Type           Power      Damage    Failure   Level
 Mephitic Cloud           Conj/Pois/Air  10%        N/A       21%         3
 Portal Projectile        Hex/Tloc       4%         N/A       50%         3
 Tukima's Dance           Hex            2%         N/A       50%         3
 Blade Hands              Tmut           3%         N/A       95%         5


Dungeon Overview and Level Annotations

Branches:
Dungeon (3/15)

Altars:
Xom

Annotations:
D:3 Grinder


Innate Abilities, Weirdness & Mutations

You cannot be hasted, slowed, berserked, paralysed or teleported.
You can dig through walls and to a lower floor.
You have a pair of large antennae on your head. (SInv)
Your four strong arms can wield two-handed weapons with a shield.


Message History

t - a +0 dire flail (weapon)
Aiming: Fastroot
Press: ? - help, Shift-Dir - straight line, f - Grinder
Aim: Grinder (asleep)
The roots erupt in riotous growth!
Grinder shouts!
Roots grab Grinder.
The grasping roots constrict Grinder.
Grinder struggles to escape constriction.
The grasping roots constrict Grinder.
The roots release their grip on Grinder.
Grinder gestures at you. Pain shoots through your body!
You hit Grinder.
Grinder is moderately wounded.
Grinder hits you.
You writhe in agony.
You closely miss Grinder.
Grinder is moderately wounded.
Grinder blinks!
No target in view!
Grinder is nearby!
You completely miss Grinder.
Grinder is moderately wounded.
Grinder hits you but does no damage. Grinder hits you.
You writhe in agony.
You puncture Grinder!
Grinder is heavily wounded.
Grinder hits you.
You writhe in agony.
You are too injured to fight recklessly!
You are too injured to fight recklessly!
You are too injured to fight recklessly!
You barely miss Grinder. Your punch misses Grinder.
Grinder is heavily wounded.
Grinder hits you.
You writhe in agony.
* * * LOW HITPOINT WARNING * * *
You barely miss Grinder.
Grinder is heavily wounded.
Grinder misses you. Grinder hits you!
* * * LOW HITPOINT WARNING * * *
You writhe in agony.
You die...

#.........†##
.#.....####.
#...###.####. ..
##.....#. ##......#.
### #.......#. #..
#......... #5### #.
#.......#. #.@.#
#.###........ ###.#
#.###.....>..
#.###.##.......#.
#..##.##.......#.
#####...............
#........#†..†...#..
#..........##.).##.#
#.........####.....#
#.............)#....


You could see Grinder.

Vanquished Creatures
  Sigmund (D:2)
  An orc wizard (D:3)
  3 adders
  5 gnolls
  2 worms
  4 dart slugs (D:1)
  2 orcs (D:3)
  10 ball pythons
  7 endoplasms
  4 giant cockroaches (D:1)
  5 goblins
  6 hobgoblins
  12 jackals
  A kobold (D:1)
  2 bats
  3 frilled lizards
  4 rats
72 creatures vanquished.

Notes
Turn   | Place    | Note
-------+----------+-------------------------------------------
     0 | D:1      | Bnni the Formicid Venom Mage began the quest for the Orb.
     0 | D:1      | Reached XP level 1. HP: 13/13 MP: 3/3
     2 | D:1      | Noticed a felid
     2 | D:1      | Noticed an ogre
     4 | D:1      | Noticed a minotaur
     4 | D:1      | Noticed a demonspawn
     6 | D:1      | Noticed a demigod
     6 | D:1      | Noticed a spriggan
     8 | D:1      | Noticed a troll
     8 | D:1      | Noticed a vine stalker
    10 | D:1      | Noticed a ghoul
    10 | D:1      | Noticed a tengu
    12 | D:1      | Noticed a human
    12 | D:1      | Noticed an armataur
    14 | D:1      | Noticed a draconian
    14 | D:1      | Noticed a merfolk
    16 | D:1      | Noticed an octopode
    16 | D:1      | Noticed a meteoran
    18 | D:1      | Noticed a formicid
    18 | D:1      | Noticed a vampire
    20 | D:1      | Noticed a gargoyle
    22 | D:1      | Noticed a naga
    24 | D:1      | Noticed a ghoul
    26 | D:1      | Noticed a demonspawn
    26 | D:1      | Noticed a merfolk
    94 | D:1      | Reached XP level 2. HP: 19/19 MP: 0/5
   421 | D:1      | Reached XP level 3. HP: 24/24 MP: 4/6
   446 | D:1      | Learned a level 2 spell: Poisonous Vapours
   979 | D:1      | Reached XP level 4. HP: 31/31 MP: 4/8
   984 | D:1      | Learned a level 4 spell: Olgreb's Toxic Radiance
  1098 | D:1      | Reached skill level 1 in Fighting
  1101 | D:1      | Reached skill level 5 in Poison Magic
  1437 | D:2      | Found a shimmering altar of Xom.
  1691 | D:2      | Noticed Sigmund
  1706 | D:2      | Killed Sigmund
  1707 | D:2      | Reached skill level 6 in Poison Magic
  1707 | D:2      | Reached XP level 5. HP: 20/39 MP: 1/9
  1707 | D:2      | Reached XP level 6. HP: 24/46 MP: 1/10
  1814 | D:2      | Reached skill level 7 in Poison Magic
  2484 | D:3      | Identified the +4 chain mail "Axishob" {*Corrode rF+ Str+4}
  2602 | D:3      | Noticed Grinder
  2613 | D:3      | Slain by Grinder

Illustrated notes

Levels and vault maps discovered:
D:1:      kb_arrival_jail, layout_loops_ring
D:2:      layout_basic, basic_altar, solitary_fountain, uniq_sigmund
D:3:      layout_rooms, minmay_vboxes, uniq_grinder

Skill      XL: |  1  2  3  4  5  6 |
---------------+-------------------+-----
Dodging        | 2 |  2.0
Fighting       | 2 3 |  3.2
Poison Magic   | 6 7 |  7.4
Spellcasting   | 3 |  3.0
Stealth        | |  2.8
Transmutations | |  1.5

Action                     |  1- 3 |  4- 6 || total
---------------------------+-------+-------++-------
  Melee: Unarmed           |     5 |       ||     5
         Dagger            |    11 |       ||    11
         Whip              |    48 |    57 ||   105
         Punch             |     1 |     1 ||     2
         Dire flail        |       |     6 ||     6
   Cast: Sting             |    24 |    15 ||    39
         Olgreb's Toxic Ra |       |     4 ||     4
  Evoke: Wand              |       |     1 ||     1
    Use: Potion            |       |     1 ||     1
   Stab: Sleeping          |     4 |     1 ||     5
 Armour: Robe              |     8 |    15 ||    23
  Dodge: Dodged            |    48 |    44 ||    92

Table legend: (Time is in decaauts)
 A = Elapsed time spent in this place.
 B = Non-inter-level travel time spent in this place.
 C = Inter-level travel time spent in this place.
 D = Time resting spent in this place.
 E = Time spent auto-exploring this place.
 F = Levels seen in this place.
 G = Mean time per level.
                   A        B        C        D        E       F      G
               +--------+--------+--------+--------+--------+-----+--------+
         Total |   2622 |   2517 |    105 |    125 |   1933 |   3 |  874.0 |
       Dungeon |   2622 |   2517 |    105 |    125 |   1933 |   3 |  874.0 |
               +--------+--------+--------+--------+--------+-----+--------+

Top non-repeatable levels by time:
     D:1: 1172 daAuts
     D:2: 1050 daAuts
     D:3: 398 daAuts
